Map: Acid Plant LE

Players

JavierPBR

  • Race: Protoss Protoss
  • League: Gold
  • Spawn Location: 11:00

Infamous - Winner!

  • Race: Protoss Protoss
  • League: Gold
  • Spawn Location: 5:00

VOD

Have the link to the VOD?

Description

Time

  • Played on: April 13, 2018, 9:55 a.m.
  • Length: 9:12
Show
View Real Time Build Order
Export as new Build Order

JavierPBR Protoss 

Build Orders:  

Get SALT Encoding   

  12  0:01  Probe  
  13  0:13  Probe  
  14  0:24  Pylon  
  14  0:30  Probe (Chrono Boost)  
  15  0:42  Gateway  
  16  0:43  Probe (Chrono Boost)  
  16  0:48  Probe (Chrono Boost)  
  16  0:51  Assimilator  
  17  1:00  Probe  
  18  1:12  Probe  
  19  1:24  Probe  
  20  1:30  Cybernetics Core  
  20  1:37  Gateway  
  20  1:38  Gateway  
  20  1:42  Pylon  
  20  1:50  Pylon  
  20  2:07  Stalker  
  22  2:08  Warp Gate  
  22  2:29  Stalker  
  24  2:30  Stalker  
  26  2:42  Gateway  
  26  2:44  Gateway  
  26  2:47  Gateway  
  26  2:52  Stalker  
  28  3:01  Pylon  
  28  3:21  Probe  
  28  3:25  Assimilator  
  29  3:33  Probe  
  29  3:34  Stalker x2  
  34  3:46  Probe  
  35  4:02  Nexus  
  35  4:06  Pylon  
  35  4:11  Pylon  
  35  4:30  Shield Battery  
  35  4:33  Shield Battery  
  35  4:36  Shield Battery  
  35  4:43  Stalker  
  35  4:44  Sentry  
  39  4:52  Twilight Council  
  39  5:01  Assimilator  
  39  5:06  Stalker  
  41  5:14  Assimilator  
  41  5:16  Probe (Chrono Boost)  
  42  5:26  Probe (Chrono Boost)  
  43  5:37  Stalker  
  43  5:38  Sentry, Stalker  
  49  5:44  Charge  
  49  5:48  Probe  
  50  6:00  Probe  
  50  6:02  Forge  
  49  6:06  Stalker  
  49  6:10  Zealot  
  53  6:22  Probe (Chrono Boost)  
  54  6:32  Probe (Chrono Boost)  
  55  6:37  Probe (Chrono Boost)  
  55  6:38  Photon Cannon  
  56  6:40  Pylon  
  56  6:45  Pylon  
  56  6:49  Probe, Pylon  
  56  6:53  Photon Cannon  
  57  6:57  Protoss Ground Weapons Level 1  
  57  7:13  Photon Cannon  
  57  7:21  Nexus  
  57  7:27  Probe  
  58  7:32  Zealot  
  60  7:41  Probe (Chrono Boost)  
  62  7:44  Probe (Chrono Boost)  
  62  7:49  Zealot  
  62  7:51  Probe (Chrono Boost)  
  65  7:54  Probe (Chrono Boost)  
  65  7:56  Probe (Chrono Boost)  
  67  8:02  Photon Cannon  
  67  8:04  Probe (Chrono Boost)  
  68  8:11  Probe (Chrono Boost)  
  69  8:16  Probe (Chrono Boost)  
  69  8:18  Zealot  
  69  8:19  Zealot  
  75  8:23  Probe x2 (Chrono Boost)  
  76  8:32  Probe (Chrono Boost)  
  78  8:35  Probe (Chrono Boost)  
  78  8:37  Probe (Chrono Boost)  
  79  8:42  Assimilator  
  79  8:46  Probe (Chrono Boost)  
  79  8:48  Probe (Chrono Boost)  
  81  8:49  Assimilator  
  81  8:51  Probe (Chrono Boost)  
  72  8:57  Zealot x4  
  72  8:58  Zealot  
  68  9:07  Zealot  
Show
View Real Time Build Order
Export as new Build Order

Infamous Protoss - Winner!

Build Orders:  

Get SALT Encoding   

  12  0:01  Probe  
  13  0:13  Pylon  
  13  0:17  Probe (Chrono Boost)  
  15  0:29  Probe (Chrono Boost)  
  15  0:35  Gateway  
  15  0:36  Probe (Chrono Boost)  
  16  0:49  Probe  
  17  0:53  Assimilator  
  17  1:01  Probe  
  18  1:13  Gateway  
  18  1:16  Probe  
  19  1:24  Pylon  
  19  1:28  Probe, Zealot  
  22  1:37  Cybernetics Core  
  22  1:44  Assimilator  
  22  1:49  Probe  
  22  1:54  Assimilator  
  23  2:07  Probe  
  24  2:10  Stalker (Chrono Boost)  
  24  2:11  Stalker (Chrono Boost)  
  28  2:25  Probe, Pylon  
  29  2:37  Pylon  
  29  2:39  Sentry  
  29  2:43  Probe  
  32  2:50  Sentry  
  34  2:55  Probe  
  35  3:08  Probe  
  36  3:15  Robotics Facility  
  36  3:20  Probe  
  37  3:30  Nexus  
  37  3:31  Warp Gate (Chrono Boost)  
  37  3:39  Pylon  
  37  3:42  Probe  
  38  3:54  Probe  
  39  3:57  Stalker (Chrono Boost)  
  39  4:00  Stalker (Chrono Boost)  
  44  4:03  Observer  
  44  4:11  Probe  
  45  4:26  Shield Battery  
  45  4:27  Shield Battery  
  45  4:41  Immortal  
  45  4:42  Pylon  
  49  4:48  Probe (Chrono Boost)  
  52  5:00  Probe x2 (Chrono Boost)  
  52  5:02  Gateway  
  52  5:04  Gateway  
  52  5:15  Probe  
  52  5:20  Probe  
  54  5:23  Immortal  
  58  5:30  Robotics Bay  
  58  5:35  Forge  
  58  5:42  Stalker x2  
  60  5:43  Probe (Chrono Boost)  
  60  5:47  Probe (Chrono Boost), Assimilator  
  64  6:04  Zealot x2  
  68  6:19  Sentry  
  70  6:26  Pylon  
  70  6:29  Pylon  
  70  6:40  Protoss Ground Weapons Level 1 (Chrono Boost)  
  70  6:43  Probe (Chrono Boost)  
  70  6:44  Colossus (Chrono Boost), Probe (Chrono Boost)  
  78  6:47  Forge  
  78  6:50  Assimilator  
  79  6:56  Probe (Chrono Boost)  
  79  6:59  Probe (Chrono Boost)  
  80  7:14  Stalker x3  
  86  7:23  Pylon, Protoss Ground Armor Level 1 (Chrono Boost)  
  86  7:24  Pylon, Extended Thermal Lance  
  86  7:42  Probe x2  
  88  7:46  Gateway  
  88  7:50  Observer (Chrono Boost)  
  89  7:57  Stalker x2  
  89  7:58  Stalker x2  
  97  8:13  Probe x2  
  97  8:18  Twilight Council  
  99  8:33  Pylon  
  99  8:35  Pylon  
  95  9:04  Stalker x4  
Tags
 
League
GoldGold
Matchup
PvP
Replay Pack
Last Remnant (2)
Spawn Locations
Cross Positions
Add a new tag
Caveats
  • Supply blocks, unpowered buildings, or Contaminate may cause inaccurate times.
  • Supply counts are checked every 10 seconds.